 Dungeon Crawl Stone Soup version 0.21-a0-331-gfb491b4 (webtiles) character file.

34 tidbits the Charmwright (level 3, -1/31 HPs)
             Began as a Gnoll Skald on Oct 2, 2017.
             Slain by a centaur
             ... wielding a +0 dagger
              (7 damage)
             ... on level 2 of the Dungeon.
             The game lasted 00:01:58 (390 turns).

tidbits the Charmwright (Gnoll Skald)                Turns: 390, Time: 00:01:59

Health: -1/31      AC:  5    Str: 13    XL:     3   Next: 31%
Magic:  1/9        EV: 12    Int: 16    God:
Gold:   27         SH:  0    Dex: 14    Spells: 1/12 levels left

rFire    . . .     SeeInvis .   a - +0 hand axe
rCold    . . .     Gourm    .   (no shield)
rNeg     . . .     Faith    .   B - +0 ring mail
rPois    .         Spirit   .   (no helmet)
rElec    .         Reflect  .   (no cloak)
rCorr    .         Harm     .   (no gloves)
MR       .....                  (no boots)
Stlth    +.........             (no amulet)
HPRegen  0.10/turn              (no ring)
MPRegen  0.11/turn              (no ring)

@: lethally poisoned (-1 -> -12), singing, very slightly contaminated
A: distributed training, fangs 1, strong nose
a: no special abilities


You were on level 2 of the Dungeon.
You were not hungry.

You visited 1 branch of the dungeon, and saw 2 of its levels.

You collected 27 gold pieces.

Inventory:

Hand Weapons
 a - a +0 hand axe (weapon)
Armour
 b - a +0 leather armour
 B - a +0 ring mail (worn)
Scrolls
 e - a scroll of noise {unknown}
 f - a scroll of identify {unknown}
 g - a scroll of blinking {unknown}
 j - a scroll of fog {unknown}
 m - a scroll of magic mapping {unknown}
Potions
 h - a potion of agility {unknown}
 i - a potion of ambrosia {unknown}
 k - a potion of flight {unknown}
Books
 c - a book of Battle

   Spells                             Type                      Level
   a - Infusion                       Charms                       1
   b - Shroud of Golubria             Charms/Translocation         2
   c - Song of Slaying                Charms                       2
   d - Spectral Weapon                Hexes/Charms                 3
   e - Regeneration                   Charms/Necromancy            3
Comestibles
 d - a bread ration
 l - a meat ration


   Skills:
 + Level 4.5 Fighting
 + Level 0.7 Short Blades
 + Level 0.7 Long Blades
 + Level 4.5 Axes
 + Level 0.7 Maces & Flails
 + Level 0.7 Polearms
 + Level 0.7 Staves
 + Level 0.7 Slings
 + Level 0.7 Bows
 + Level 0.7 Crossbows
 + Level 0.7 Throwing
 + Level 2.6 Armour
 + Level 4.5 Dodging
 + Level 0.7 Stealth
   Level 0.0 Stabbing
 + Level 0.7 Shields
   Level 0.0 Traps
 + Level 0.7 Unarmed Combat
 + Level 5.0 Spellcasting
 + Level 0.7 Conjurations
 + Level 0.7 Hexes
 + Level 6.5 Charms
 + Level 0.7 Summonings
 + Level 0.7 Necromancy
 + Level 0.7 Translocations
 + Level 0.7 Transmutations
 + Level 0.7 Fire Magic
 + Level 0.7 Ice Magic
 + Level 0.7 Air Magic
 + Level 0.7 Earth Magic
 + Level 0.7 Poison Magic
 + Level 0.7 Invocations
 + Level 0.7 Evocations


You had one spell level left.
You knew the following spells:

 Your Spells              Type           Power        Failure   Level  Hunger
g - Shroud of Golubria    Chrm/Tloc      ###.......   11%         2    #......
i - Infusion              Chrm           ###.         2%          1    None
r - Regeneration          Chrm/Necr      ###.......   22%         3    ###....
w - Spectral Weapon       Hex/Chrm       ###.....     22%         3    ###....
y - Song of Slaying       Chrm           ###.....     3%          2    #......


Dungeon Overview and Level Annotations

Branches:
Dungeon (2/15)

Altars:

Annotations:
D:1 1 runed door


Innate Abilities, Weirdness & Mutations

Your experience applies equally to all skills.
You have very sharp teeth.
Your uncanny sense of smell can sniff out nearby items.


Message History

You barely miss the hobgoblin.
The hobgoblin is moderately wounded.
Your spectral weapon hits the hobgoblin.
You kill the hobgoblin!
A hobgoblin comes into view. It is wielding a club.
Things that are here:
a club; a hobgoblin corpse You closely miss the hobgoblin.
Your spectral weapon hits the hobgoblin.
You kill the hobgoblin!
You see here a club.
Found a sedimented cyan potion.
Your spectral weapon fades away.
k - a sedimented cyan potion All of the chunks of flesh in your inventory have rotted away.
You see here 17 stones.
There is a stone staircase leading down here.
You climb downwards.
A hobgoblin comes into view. It is wielding a club.
The hobgoblin shouts!
The hobgoblin misses you.
Found a scroll labeled AZASADGH TITEI and a meat ration.
There is a stone staircase leading up here.
Casting: Spectral Weapon
Confirm with . or Enter, or press ? or * to list all spells.
You draw out your weapon's spirit!
The hobgoblin barely misses you.
You barely miss the hobgoblin.
Your spectral weapon hits the hobgoblin.
The hobgoblin closely misses you.
You closely miss the hobgoblin.
The hobgoblin is almost dead.
Your spectral weapon hits the hobgoblin.
You kill the hobgoblin!
g - a scroll labeled AZASADGH TITEI A rat comes into view.
Found a scroll labeled WAGASO ZEINUPT.
You see here a meat ration.
l - a meat ration
m - a scroll labeled WAGASO ZEINUPT
There are no items here.
A hobgoblin and a kobold come into view.
The hobgoblin shouts!
The kobold shouts!
You hear a shout!
An adder comes into view.
Casting: Spectral Weapon
Confirm with . or Enter, or press ? or * to list all spells.
You start singing a song of slaying.
Your spectral weapon fades away.
A centaur comes into view. It is wielding a dagger.
You closely miss the hobgoblin. The hobgoblin barely misses you.
The kobold hits you but does no damage.
You hit the hobgoblin.
You kill the hobgoblin!
You barely miss the kobold. You closely miss the adder.
You barely miss the kobold. You closely miss the rat. The adder bites you.
The kobold hits you with a club. The adder misses you.
The rat barely misses you.
Casting: Song of Slaying
Confirm with . or Enter, or press ? or * to list all spells.
You miscast Spectral Weapon.
You are very lightly contaminated with residual magic.
The light around you dims momentarily.
The centaur drinks a potion.
The centaur seems to speed up.
The kobold hits you but does no damage. The adder bites you.
You are poisoned.
The adder poisons you! The rat bites you.
Casting: Spectral Weapon
Confirm with . or Enter, or press ? or * to list all spells.
You draw out your weapon's spirit!
You feel sick. The adder bites you but does no damage.
The kobold hits you but does no damage.
The centaur hits you but does no damage.
The rat bites you.
* * * LOW HITPOINT WARNING * * *
You hit the centaur.
The centaur is lightly wounded.
You closely miss the adder. You barely miss the kobold. You hit the rat.
Your spectral weapon hits the centaur.
The centaur hits you with a dagger.
* * * LOW HITPOINT WARNING * * *
The adder bites you but does no damage.
The centaur hits you but does no damage.
The kobold hits you but does no damage. The adder bites you.
* * * LOW HITPOINT WARNING * * *
You are lethally poisoned!
The adder poisons you! The rat closely misses you.
The centaur barely misses you.
You are too injured to fight recklessly!
You are too injured to fight recklessly!
You are too injured to fight recklessly!
You are too injured to fight recklessly!
You closely miss the adder. You hit the centaur. You barely miss the rat.
You hit the kobold.
* * * LOW HITPOINT WARNING * * *
You feel sick. The centaur barely misses you.
Your spectral weapon barely misses the adder.
Your spectral weapon barely misses the centaur.
Your spectral weapon hits the rat!
You kill the rat!
The kobold hits you with a club.
* * * LOW HITPOINT WARNING * * *
The adder closely misses you. The centaur hits you with a dagger!
You die...

......h .......r##..##
#.#....# .. #..##....
#.#....##.# #.......
#.#....#.. #..##..<
#........# #...^..)
#........#######..##...
##................###...
#.....c(..###.....# #...
......S@...##.....# #...
......K...........# #...
..........###.....# ####
..........# #.....#
..........# #.....#
.........## #######
.........# ........##


You could see a centaur, an adder, a kobold and a friendly spectral hand axe.

Vanquished Creatures
  A worm (D:2)
  A dart slug (D:1)
  A giant cockroach (D:1)
  3 goblins (D:1)
  5 hobgoblins
  7 jackals
  3 kobolds
  A bat (D:1)
  A frilled lizard (D:1)
  A rat (D:2)
24 creatures vanquished.

Notes
Turn   | Place    | Note
-------+----------+-------------------------------------------
     0 | D:1      | tidbits the Gnoll Skald began the quest for the Orb.
     0 | D:1      | Reached XP level 1. HP: 20/20 MP: 6/6
     0 | D:1      | Noticed a jelly
    13 | D:2      | Reached XP level 2. HP: 16/26 MP: 0/7
    21 | D:1      | Learned a level 2 spell: Song of Slaying
    24 | D:1      | Learned a level 2 spell: Shroud of Golubria
    26 | D:1      | Found a runed door.
   280 | D:1      | Reached XP level 3. HP: 21/31 MP: 7/9
   283 | D:1      | Reached skill level 5 in Spellcasting
   291 | D:1      | Learned a level 3 spell: Regeneration
   295 | D:1      | Learned a level 3 spell: Spectral Weapon
   384 | D:2      | Noticed a centaur
   390 | D:2      | Slain by a centaur

Vault maps used:
D:1:      dpeg_arrival_caged_fury
D:2:      grunt_gozag_breadcrumbs

Skill      XL: |  1  2  3 |
---------------+----------+-----
Spellcasting   | 5 |  5.0
Fighting       | |  4.5
Short Blades   | |  0.7
Long Blades    | |  0.7
Axes           | |  4.5
Maces & Flails | |  0.7
Polearms       | |  0.7
Staves         | |  0.7
Slings         | |  0.7
Bows           | |  0.7
Crossbows      | |  0.7
Throwing       | |  0.7
Armour         | |  2.6
Dodging        | |  4.5
Stealth        | |  0.7
Shields        | |  0.7
Unarmed Combat | |  0.7
Conjurations   | |  0.7
Hexes          | |  0.7
Charms         | |  6.5
Summonings     | |  0.7
Necromancy     | |  0.7
Translocations | |  0.7
Transmutations | |  0.7
Fire Magic     | |  0.7
Ice Magic      | |  0.7
Air Magic      | |  0.7
Earth Magic    | |  0.7
Poison Magic   | |  0.7
Invocations    | |  0.7
Evocations     | |  0.7

Action                   || total
-------------------------++-------
Melee: Hand axe          ||    57
       Bite              ||     4
 Cast: Infusion          ||     1
       Song of Slaying   ||     3
       Spectral Weapon   ||     3
Armor: Leather armour    ||    10
       Ring mail         ||    12
Dodge: Dodged            ||    34

Table legend:
 A = Spawn XP
 B = Non-spawn XP
 C = Spawn XP percentage of total XP
 D = Spawn monster count
 E = Non-spawn monster count
 F = Spawn count percentage of total count
 G = Total turns spent on level
                    A         B        C        D         E        F      G
               +---------+---------+-------+---------+---------+-------+---------
         Total |       0 |      49 |   0.0 |       0 |      24 |   0.0 |   390
               +---------+---------+-------+---------+---------+-------+---------
           D:1 |       0 |      33 |   0.0 |       0 |      17 |   0.0 |   342
           D:2 |       0 |      16 |   0.0 |       0 |       7 |   0.0 |    48
               +---------+---------+-------+---------+---------+-------+---------

Table legend:
 A = Turns spent in this place as a percentage of turns spent in the entire game.
 B = Non-inter-level travel turns spent in this place as a percentage of non-inter-level travel turns spent in the entire game.
 C = Inter-level travel turns spent in this place as a percentage of turns spent in this place.
 D = Turns resting spent in this place as a percentage of non-inter-level travel turns spent in this place.
 E = Turns spent auto-exploring this place as a percentage of non-inter-level travel turns spent in this place.
 F = Non-inter-level travel turns spent in this place divided by the number of levels of this place that you've seen.
                   A       B       C       D       E      F
               +-------+-------+-------+-------+-------+----------------------
         Total | 100.0 | 100.0 |   6.9 |   0.0 |   0.0 | 181.5
       Dungeon | 100.0 | 100.0 |   6.9 |   0.0 |   0.0 | 181.5
               +-------+-------+-------+-------+-------+----------------------

Table legend:
 A = Kills in this place as a percentage of kills in entire the game.
 B = Kills by you in this place as a percentage of kills by you in the entire game.
 C = Kills by friends in this place as a percentage of kills by friends in the entire game.
 D = Other kills in this place as a percentage of other kills in the entire game.
 E = Experience gained in this place as a percentage of experience gained in the entire game.
 F = Experience gained in this place divided by the number of levels of this place that you have seen.
                   A       B       C       D       E      F
               +-------+-------+-------+-------+-------+----------------------
         Total | 100.0 | 100.0 |   N/A |   N/A | 100.0 |  24.5
       Dungeon | 100.0 | 100.0 |   N/A |   N/A | 100.0 |  24.5
               +-------+-------+-------+-------+-------+----------------------

Vault maps used:
D:1:      dpeg_arrival_caged_fury
D:2:      grunt_gozag_breadcrumbs
